 Dungeon Crawl Stone Soup version 0.21.1-1-g345015f (webtiles) character file.

44 letownia2 the Poker (level 3, 11/27 HPs)
             Began as a Merfolk Skald on Mar 11, 2018.
             Quit the game on level 2 of the Dungeon.
             The game lasted 00:04:21 (700 turns).

letownia2 the Poker (Merfolk Skald)                  Turns: 700, Time: 00:04:22

Health: 11/27      AC:  3    Str: 11    XL:     3   Next: 60%
Magic:  6/6        EV: 12    Int: 13    God:
Gold:   111        SH:  0    Dex: 13    Spells: 3/6 levels left

rFire    . . .     SeeInvis .   a - +0 spear
rCold    . . .     Gourm    .   (no shield)
rNeg     . . .     Faith    .   b - +0 leather armour
rPois    .         Spirit   .   (no helmet)
rElec    .         Reflect  .   (no cloak)
rCorr    .         Harm     .   (no gloves)
MR       .....                  (no boots)
Stlth    +.........             (no amulet)
HPRegen  0.09/turn              (no ring)
MPRegen  0.10/turn              (no ring)

@: no status effects
A: change form in water, swift swim, stealthy swim
a: no special abilities


You were on level 2 of the Dungeon.
You were hungry.

You visited 1 branch of the dungeon, and saw 3 of its levels.

You collected 111 gold pieces.

Inventory:

Hand Weapons
 a - a +0 spear (weapon)
 l - a +0 hunting sling
Armour
 b - a +0 leather armour (worn)
Scrolls
 h - a scroll of fog {unknown}
 i - a scroll of remove curse {unknown}
 k - a scroll of identify {unknown}
 m - a scroll of teleportation {unknown}
Potions
 e - a potion of curing {unknown}
 f - a potion of brilliance {unknown}
 j - a potion of heal wounds {unknown}
Books
 c - a book of Battle

   Spells                             Type                      Level
   a - Infusion                       Charms                       1
   b - Shroud of Golubria             Charms/Translocation         2
   c - Song of Slaying                Charms                       2
   d - Spectral Weapon                Hexes/Charms                 3
   e - Regeneration                   Charms/Necromancy            3
Comestibles
 d - 2 rations


   Skills:
 - Level 2.1 Fighting
 + Level 5.7 Polearms
 - Level 0.6 Armour
 - Level 2.6 Dodging
 - Level 2.0 Spellcasting
 - Level 3.2 Charms


You had 3 spell levels left.
You knew the following spells:

 Your Spells              Type           Power        Failure   Level  Hunger
a - Infusion              Chrm           #...         9%          1    ##.....
t - Shroud of Golubria    Chrm/Tloc      #.........   26%         2    ###....


Dungeon Overview and Level Annotations

Branches:
Dungeon (3/15)

Altars:
Uskayaw

Annotations:
D:3 Agrougrou's ghost, amateur OgSk


Message History

The bat hits you.
* * * LOW HITPOINT WARNING * * *
You hit the bat.
You kill the bat!
Unknown command.
Your magical contamination has completely faded away.
You see here 2 stones.
Magic restored.
You are feeling hungry.
(D) Dungeon
Where to? (Enter - D:2 @ (x,y), ? - help)
You enter a teleport trap!
The teleport trap disappears.
Your surroundings suddenly seem different.
(D) Dungeon
Where to? (Enter - D:2 @ (x,y), ? - help)
The worm is too close now for your liking.
Okay, then.
You aren't carrying any pieces of jewellery.
Unknown command.
Are you sure you want to abandon this character and quit the game? (Confirm with "yes".)

#.#.......#.#
#.###..####.# ########
#.# #..# #.# .....K.# #.#
#..####.## ######.# #.#
#........# #.# #.#
#.w####..# #.# #)# #...#
#..# #.# #(# #...# #..#
####.####.###.@.###..#
###........(...........#
.......#.........(.....#
###รท####..#...........##
..........#####...#####
###.####.## #...# # #.#
#.# #...# # #.# #.# #####
##.## #.#


You could see a worm.

Vanquished Creatures
  An ooze (D:2)
  A leopard gecko (D:1)
  A giant cockroach (D:2)
  5 goblins
  3 hobgoblins (D:1)
  7 jackals (D:1)
  A quokka (D:2)
  3 bats
  3 frilled lizards
  5 kobolds
  4 rats
34 creatures vanquished.

Notes
Turn   | Place    | Note
-------+----------+-------------------------------------------
     0 | D:1      | letownia2 the Merfolk Skald began the quest for the Orb.
     0 | D:1      | Reached XP level 1. HP: 16/16 MP: 3/3
    87 | D:1      | Reached skill level 4 in Polearms
    87 | D:1      | Reached XP level 2. HP: 21/22 MP: 5/5
   237 | D:1      | Reached skill level 5 in Polearms
   237 | D:1      | Reached XP level 3. HP: 6/27 MP: 0/6
   265 | D:2      | Learned a level 2 spell: Shroud of Golubria
   541 | D:3      | Noticed Agrougrou's ghost (amateur OgSk)
   578 | D:2      | Found a hide-covered altar of Uskayaw.
   580 | D:2      | Noticed a hand axe
   581 | D:2      | Noticed a hand axe
   700 | D:2      | Quit the game

Skill      XL: |  1  2 |
---------------+-------+-----
Polearms       | 4 5 |  5.7
Fighting       | |  2.1
Armour         | |  0.6
Dodging        | |  2.6
Spellcasting   | |  2.0
Charms         | |  3.2

Action                   || total
-------------------------++-------
Melee: Spear             ||   154
 Cast: Infusion          ||     5
       Shroud of Golubri ||     7
 Stab: Sleeping          ||     1
Armor: Leather armour    ||    42
Dodge: Dodged            ||    94
